General information
- name: BNet
- type: Ladder team game (AT/RT)
- host: Battle.net
- saver: TIMG4STRok
map: GoldRush
- players: 8
- length: 20:09
- speed: Fast
- version: 1.21 W3XP
- replay type:

» download(243 KB)
Players
team 1 (winner)
Iceberg-Slim (
orange | 142 APM | 2869 actions | 20:08)
4 Goblin Tinker
2 Pocket Factory
2 Engineering Upgrade
4 Priestess of the Moon
2 Trueshot Aura
2 Scout
» actions
| Assign group hotkey | 22 | |
| Basic commands | 200 | |
| Build / train | 77 | |
| Enter build submenu | 19 | |
| Enter hero's abilities submenu | 8 | |
| Remove unit from queue | 2 | |
| Right click | 1275 | |
| Select / deselect | 432 | |
| Select group hotkey | 765 | |
| Use ability | 69 | |
2869 total
» units
» upgrades
| Improved Bows | 1 | |
| Abolish Magic | 1 | |
| Strength of the Wild | 2 | |
| Reinforced Hides | 2 | |
| Ultravision | 1 | |
| Well Spring | 1 | |
| Nature's Blessing | 1 | |
9 total
» buildings
| Altar of Elders | 2 | |
| Moon Well | 8 | |
| Ancient of War | 1 | |
| Tree of Ages | 1 | |
| Hunter's Hall | 1 | |
| Ancient of Lore | 2 | |
| Ancient of Wonders | 1 | |
| Tree of Life | 1 | |
| Tree of Eternity | 1 | |
| Ancient Protector | 3 | |
21 total
» build order
00:05 Altar of Elders
00:19 Moon Well
00:35 Ancient of War
02:27 Moon Well
03:24 Moon Well
04:45 Tree of Ages
05:16 Hunter's Hall
06:24 Moon Well
07:42 Ancient of Lore
07:46 Ancient of Lore
07:58 Moon Well
08:14 Ancient of Wonders
09:50 Altar of Elders
11:49 Tree of Life
13:33 Tree of Eternity
14:25 Moon Well
16:09 Moon Well
18:11 Moon Well
18:54 Ancient Protector
19:07 Ancient Protector
19:15 Ancient Protector
» items
| Scroll of Town Portal | 1 | |
| Staff of Sanctuary | 2 | |
3 total
NADMaN (
teal | 164 APM | 3300 actions | 20:08)
6 Goblin Tinker
3 Pocket Factory
2 Engineering Upgrade
1 Robo-Goblin
2 Shadow Hunter
1 Hex
1 Healing Wave
» actions
| Assign group hotkey | 19 | |
| Basic commands | 79 | |
| Build / train | 58 | |
| ESC pressed | 2 | |
| Enter build submenu | 18 | |
| Enter hero's abilities submenu | 8 | |
| Give item / drop item | 2 | |
| Right click | 1394 | |
| Select / deselect | 365 | |
| Select group hotkey | 1267 | |
| Use ability | 88 | |
3300 total
» units
| Peon | 10 | |
| Grunt | 4 | |
| Wind Rider | 7 | |
| Troll Batrider | 5 | |
26 total
» upgrades
| Ranged Weapons | 2 | |
| Armor | 1 | |
| Liquid Fire | 1 | |
| Envenomed Spears | 1 | |
5 total
» buildings
| Altar of Storms | 1 | |
| Orc Burrow | 7 | |
| Barracks | 1 | |
| Stronghold | 2 | |
| Voodoo Lounge | 3 | |
| Great Hall | 3 | |
| Beastiary | 2 | |
| War Mill | 1 | |
| Fortress | 2 | |
22 total
» build order
00:09 Altar of Storms
00:12 Orc Burrow
00:36 Barracks
01:27 Orc Burrow
03:46 Stronghold
03:46 Stronghold
03:50 Orc Burrow
04:34 Voodoo Lounge
04:37 Voodoo Lounge
04:38 Voodoo Lounge
04:54 Great Hall
06:04 Orc Burrow
06:13 Beastiary
06:14 Beastiary
06:21 Great Hall
06:32 War Mill
06:58 Orc Burrow
11:14 Fortress
12:38 Orc Burrow
13:21 Great Hall
15:42 Orc Burrow
» items
| Potion of Healing | 1 | |
| Healing Salve | 1 | |
| Lesser Clarity Potion | 1 | |
| Scroll of Healing | 3 | |
| Scroll of Town Portal | 2 | |
| Staff of Teleportation | 1 | |
| Boots of Speed | 1 | |
| Potion of Lesser Invulnerability | 1 | |
11 total
TIMG4STRok (
green | 153 APM | 3085 actions | 20:09)
6 Goblin Tinker
3 Pocket Factory
2 Engineering Upgrade
1 Robo-Goblin
» actions
| Assign group hotkey | 25 | |
| Basic commands | 102 | |
| Build / train | 71 | |
| ESC pressed | 6 | |
| Enter build submenu | 27 | |
| Enter hero's abilities submenu | 6 | |
| Give item / drop item | 1 | |
| Right click | 1228 | |
| Select / deselect | 391 | |
| Select group hotkey | 1141 | |
| Use ability | 87 | |
3085 total
» units
| Peasant | 23 | |
| Footman | 9 | |
| Sorceress | 6 | |
| Priest | 1 | |
| Dragonhawk Rider | 3 | |
42 total
» upgrades
| Defend | 1 | |
| Lumber Harvesting | 2 | |
| Sorceress Training | 2 | |
| Priest Training | 2 | |
| Cloud | 1 | |
8 total
» buildings
| Barracks | 1 | |
| Farm | 7 | |
| Altar of Kings | 1 | |
| Lumber Mill | 1 | |
| Scout Tower | 8 | |
| Arcane Tower | 2 | |
| Guard Tower | 3 | |
| Keep | 2 | |
| Arcane Sanctum | 2 | |
| Arcane Vault | 1 | |
| Castle | 1 | |
| Gryphon Aviary | 2 | |
| Town Hall | 2 | |
33 total
» build order
00:06 Barracks
00:08 Farm
00:26 Altar of Kings
01:02 Farm
01:22 Lumber Mill
02:01 Farm
02:55 Scout Tower
02:56 Scout Tower
02:57 Scout Tower
03:03 Scout Tower
03:33 Arcane Tower
03:36 Arcane Tower
03:37 Guard Tower
03:51 Guard Tower
05:10 Keep
07:11 Scout Tower
07:12 Scout Tower
07:12 Scout Tower
08:06 Arcane Sanctum
08:23 Arcane Sanctum
08:28 Arcane Vault
08:51 Farm
10:16 Farm
11:34 Castle
11:57 Gryphon Aviary
13:02 Gryphon Aviary
13:05 Farm
13:05 Farm
14:49 Scout Tower
15:30 Town Hall
15:40 Guard Tower
18:59 Town Hall
» items
| Scroll of Town Portal | 1 | |
| Scroll of Regeneration | 3 | |
| Potion of Healing | 1 | |
5 total

»
Ze.FroGS3 (
pink | 158 APM | 3176 actions | 20:08)
4 Goblin Tinker
2 Pocket Factory
2 Engineering Upgrade
» actions
| Assign group hotkey | 37 | |
| Basic commands | 75 | |
| Build / train | 96 | |
| ESC pressed | 2 | |
| Enter build submenu | 28 | |
| Enter hero's abilities submenu | 5 | |
| Remove unit from queue | 6 | |
| Right click | 1410 | |
| Select / deselect | 511 | |
| Select group hotkey | 958 | |
| Use ability | 48 | |
3176 total
» units
| Wisp | 31 | |
| Archer | 3 | |
| Huntress | 2 | |
| Chimaera | 16 | |
52 total
» upgrades
| Moon Armor | 1 | |
| Corrosive Breath | 1 | |
| Strength of the Wild | 3 | |
| Reinforced Hides | 1 | |
6 total
» buildings
| Altar of Elders | 1 | |
| Moon Well | 6 | |
| Ancient of War | 2 | |
| Hunter's Hall | 1 | |
| Tree of Ages | 2 | |
| Tree of Eternity | 3 | |
| Ancient of Wind | 1 | |
| Chimaera Roost | 2 | |
| Tree of Life | 4 | |
| Ancient of Wonders | 1 | |
| Ancient Protector | 3 | |
26 total
» build order
00:14 Altar of Elders
00:21 Moon Well
00:46 Ancient of War
01:46 Moon Well
02:06 Ancient of War
02:58 Moon Well
02:59 Hunter's Hall
03:51 Tree of Ages
04:24 Moon Well
06:13 Tree of Eternity
06:13 Tree of Eternity
06:34 Ancient of Wind
08:49 Chimaera Roost
08:51 Chimaera Roost
09:40 Moon Well
10:22 Tree of Life
10:24 Tree of Life
10:43 Moon Well
11:58 Tree of Life
15:07 Ancient of Wonders
17:07 Ancient Protector
17:58 Ancient Protector
18:24 Tree of Life
18:27 Ancient Protector
» items
| Scroll of Town Portal | 1 | |
| Staff of Preservation | 1 | |
| Lesser Clarity Potion | 1 | |
| Potion of Healing | 1 | |
| Orb of Venom | 6 | |
10 total
team 2 (loser)

»
Arcilite (
yellow | 64 APM | 1290 actions | 20:04)
3 Death Knight
2 Death Coil
1 Unholy Aura
1 Lich
1 Frost Nova
» actions
| Assign group hotkey | 3 | |
| Basic commands | 72 | |
| Build / train | 45 | |
| Enter build submenu | 22 | |
| Enter hero's abilities submenu | 4 | |
| Remove unit from queue | 1 | |
| Right click | 738 | |
| Select / deselect | 320 | |
| Select group hotkey | 17 | |
| Use ability | 68 | |
1290 total
» units
| Acolyte | 8 | |
| Ghoul | 14 | |
| Crypt Fiend | 4 | |
26 total
» upgrades
» buildings
| Graveyard | 1 | |
| Crypt | 2 | |
| Ziggurat | 15 | |
| Altar of Darkness | 1 | |
| Spirit Tower | 5 | |
| Tomb of Relics | 3 | |
| Halls of the Dead | 1 | |
| Sacrificial Pit | 1 | |
| Black Citadel | 1 | |
30 total
» build order
00:07 Graveyard
00:17 Crypt
00:40 Ziggurat
01:05 Altar of Darkness
02:12 Spirit Tower
02:14 Ziggurat
02:53 Ziggurat
03:07 Tomb of Relics
04:13 Halls of the Dead
04:50 Spirit Tower
05:16 Spirit Tower
06:03 Tomb of Relics
06:42 Sacrificial Pit
08:12 Black Citadel
08:40 Tomb of Relics
09:50 Ziggurat
09:54 Ziggurat
10:32 Ziggurat
10:33 Ziggurat
10:56 Spirit Tower
11:24 Spirit Tower
12:05 Crypt
16:54 Ziggurat
16:55 Ziggurat
17:23 Ziggurat
17:24 Ziggurat
17:25 Ziggurat
17:26 Ziggurat
17:27 Ziggurat
17:28 Ziggurat
» items
| Rod of Necromancy | 1 | |
| Potion of Healing | 1 | |
| Scroll of Town Portal | 1 | |
3 total
CLASSYNATTY (
red | 142 APM | 2841 actions | 20:00)
4 Archmage
2 Summon Water Elemental
2 Brilliance Aura
3 Mountain King
2 Storm Bolt
1 Bash
1 Paladin
1 Holy Light
» actions
| Assign group hotkey | 24 | |
| Basic commands | 41 | |
| Build / train | 86 | |
| ESC pressed | 3 | |
| Enter build submenu | 33 | |
| Enter hero's abilities submenu | 8 | |
| Give item / drop item | 1 | |
| Right click | 1133 | |
| Select / deselect | 512 | |
| Select group hotkey | 884 | |
| Use ability | 116 | |
2841 total
» units
| Peasant | 32 | |
| Footman | 7 | |
| Gryphon Rider | 3 | |
| Dragonhawk Rider | 5 | |
47 total
» upgrades
| Lumber Harvesting | 2 | |
| Defend | 1 | |
| Masonry | 1 | |
| Cloud | 1 | |
5 total
» buildings
| Altar of Kings | 2 | |
| Barracks | 1 | |
| Farm | 14 | |
| Scout Tower | 12 | |
| Arcane Tower | 1 | |
| Town Hall | 3 | |
| Keep | 3 | |
| Arcane Vault | 1 | |
| Lumber Mill | 1 | |
| Castle | 1 | |
| Gryphon Aviary | 3 | |
| Blacksmith | 1 | |
43 total
» build order
00:02 Altar of Kings
00:05 Altar of Kings
00:20 Barracks
00:34 Farm
00:50 Farm
01:26 Farm
01:30 Farm
02:17 Scout Tower
03:22 Arcane Tower
03:38 Town Hall
03:57 Keep
03:57 Keep
04:33 Farm
04:34 Farm
05:01 Arcane Vault
05:02 Scout Tower
05:46 Lumber Mill
08:13 Castle
10:07 Gryphon Aviary
10:46 Gryphon Aviary
10:46 Gryphon Aviary
11:41 Farm
11:42 Farm
11:42 Farm
13:17 Farm
13:18 Farm
14:27 Farm
14:28 Farm
14:28 Farm
16:09 Town Hall
16:10 Scout Tower
16:11 Scout Tower
16:12 Scout Tower
16:14 Scout Tower
16:15 Scout Tower
16:16 Scout Tower
16:17 Scout Tower
16:28 Blacksmith
18:46 Scout Tower
18:46 Scout Tower
18:47 Scout Tower
18:57 Town Hall
» items
| Scroll of Regeneration | 2 | |
| Lesser Clarity Potion | 1 | |
| Potion of Healing | 4 | |
| Orb of Corruption | 2 | |
| Scroll of Healing | 2 | |
| Rod of Necromancy | 1 | |
| Scroll of Town Portal | 2 | |
| Staff of Sanctuary | 1 | |
| Orb of Fire | 1 | |
16 total
Krispy (
purple | 75 APM | 1500 actions | 20:08)
4 Priestess of the Moon
1 Searing Arrows
2 Trueshot Aura
1 Scout
» actions
| Assign group hotkey | 20 | |
| Basic commands | 1 | |
| Build / train | 77 | |
| ESC pressed | 4 | |
| Enter build submenu | 30 | |
| Enter hero's abilities submenu | 4 | |
| Right click | 791 | |
| Select / deselect | 257 | |
| Select group hotkey | 258 | |
| Use ability | 58 | |
1500 total
» units
| Wisp | 41 | |
| Huntress | 8 | |
| Glaive Thrower | 1 | |
| Hippogryph | 11 | |
| Chimaera | 3 | |
64 total
» upgrades
| Strength of the Wild | 1 | |
| Reinforced Hides | 1 | |
2 total
» buildings
| Altar of Elders | 1 | |
| Moon Well | 6 | |
| Hunter's Hall | 1 | |
| Ancient of War | 3 | |
| Ancient Protector | 4 | |
| Tree of Ages | 1 | |
| Tree of Life | 5 | |
| Ancient of Wonders | 1 | |
| Tree of Eternity | 1 | |
| Ancient of Wind | 3 | |
| Chimaera Roost | 3 | |
29 total
» build order
00:11 Altar of Elders
00:20 Moon Well
02:14 Hunter's Hall
02:18 Ancient of War
02:25 Moon Well
03:14 Ancient of War
03:29 Ancient of War
04:02 Ancient Protector
04:06 Ancient Protector
04:30 Moon Well
05:29 Ancient Protector
05:41 Tree of Ages
06:19 Moon Well
07:04 Tree of Life
08:29 Ancient of Wonders
09:07 Tree of Eternity
09:38 Tree of Life
09:57 Ancient of Wind
10:00 Ancient Protector
12:20 Tree of Life
12:34 Chimaera Roost
15:03 Chimaera Roost
16:01 Tree of Life
16:27 Moon Well
16:30 Moon Well
16:51 Tree of Life
17:41 Chimaera Roost
18:18 Ancient of Wind
19:14 Ancient of Wind
» items
WarFreakz (
blue | 61 APM | 1218 actions | 20:07)
3 Blademaster
1 Wind Walk
2 Critical Strike
» actions
| Assign group hotkey | 3 | |
| Build / train | 14 | |
| Enter build submenu | 6 | |
| Enter hero's abilities submenu | 3 | |
| Right click | 1116 | |
| Select / deselect | 49 | |
| Select group hotkey | 2 | |
| Use ability | 25 | |
1218 total
» units
» buildings
| Altar of Storms | 1 | |
| Orc Burrow | 2 | |
| War Mill | 1 | |
| Barracks | 1 | |
| Watch Tower | 1 | |
6 total
» build order
00:14 Altar of Storms
00:19 Orc Burrow
00:48 War Mill
01:33 Barracks
02:06 Orc Burrow
02:22 Watch Tower
» items
| Staff of Teleportation | 1 | |
| Potion of Healing | 1 | |
| Potion of Mana | 1 | |
3 total
Chat log
(00:05 / All) NADMaN: sup warfreakkz
(00:12 / All) Arcilite: Mass towers ftw
(00:18 / All) TIMG4STRok: mass dicks in your ass
(00:23 / All) Arcilite: good
(00:26 / All) Arcilite: Better be plenty
(03:59 / All) Iceberg-Slim: nice surround
(04:10 / All) Arcilite: I know
(04:11 / All) Arcilite: iot was nice
(07:50 / All) Iceberg-Slim: mass tower noobs
(12:52 / All) TIMG4STRok: nice defend vs casters retard
(13:00 / All) CLASSYNATTY: thougth saw eifles
(17:48 / All) TIMG4STRok: gj purple kill that expo
(19:41 / All) TIMG4STRok: gg
(19:44 / All) Ze.FroGS3: gg
(19:51 / All) TIMG4STRok: this is when you leave
(19:59 / All) CLASSYNATTY: gg
(20:03 / All) Arcilite: Tell me where u download ur vision cheat
(20:03 / All) Iceberg-Slim: gg